 Dungeon Crawl Stone Soup version 0.29-a0-11-ga75d3d97ab (webtiles) character file.

Game seed: 10661558416511239045

424 kae the Ruffian (level 6, -2/60 HPs)
             Began as a Draconian Transmuter on Jan 28, 2022.
             Slain by a steam dragon (5 damage)
             ... on level 4 of the Dungeon.
             The game lasted 00:03:37 (4404 turns).

kae the Ruffian (Draconian Transmuter)              Turns: 4404, Time: 00:03:38

Health: -2/60      AC:  6    Str: 12    XL:     6   Next: 64%
Magic:  2/10       EV: 10    Int: 16    God:
Gold:   2545       SH:  0    Dex: 11    Spells: 2/10 levels left

rFire   x . .      SeeInvis .     - Unarmed
rCold   + + +      Faith    .   (shield currently unavailable)
rNeg    . . .      Spirit   .   (armour unavailable)
rPois   +          Reflect  .   (helmet currently unavailable)
rElec   .          Harm     .   (cloak currently unavailable)
rCorr   .          Rampage  .   (gloves currently unavailable)
Will    .....                   (boots currently unavailable)
Stlth   +.........              (no amulet)
HPRegen 0.20/turn               (no ring)
MPRegen 0.12/turn               (no ring)

@: ice-form, very slightly contaminated
A: freezing attack, amphibious, boosted hp, AC +6, large, unfitting armour,
(cold-blooded)
a: End Transformation


You were on level 4 of the Dungeon.
You were a creature of crystalline ice.
You visited 1 branch of the dungeon, and saw 4 of its levels.

You collected 2545 gold pieces.

Inventory:

Jewellery
 g - a ring of willpower
Scrolls
 d - a scroll of identify
 f - a scroll of torment
 h - a scroll of fear {unknown}
Potions
 a - 2 potions of curing
 b - a potion of lignification
 c - a potion of magic
 e - a potion of mutation
 i - a potion of invisibility {unknown}


   Skills:
 + Level 2.4 Fighting
 + Level 2.6 Dodging
 * Level 4.4 Unarmed Combat
 + Level 2.9 Spellcasting
 * Level 3.8 Transmutations
 * Level 1.9 Ice Magic
 - Level 2.0 Poison Magic


You had 2 spell levels left.
You knew the following spells:

 Your Spells              Type           Power      Damage    Failure   Level
a - Beastly Appendage     Tmut           28%        N/A       4%          1
b - Spider Form           Tmut/Pois      11%        N/A       17%         3
c - Ice Form              Ice/Tmut       11%        N/A       50%         4

Your spell library contained the following spells:

 Spells                   Type           Power      Damage    Failure   Level
 Wereblood                Tmut           14%        N/A       6%          2
 Magic Dart               Conj           8%         1d3       19%         1
 Call Imp                 Summ           2%         N/A       28%         2
 Mephitic Cloud           Conj/Pois/Air  4%         N/A       41%         3


Dungeon Overview and Level Annotations

Branches:
Dungeon (4/15)
 Temple: D:4-7

Altars:

Shops:
D:4 *


Innate Abilities, Weirdness & Mutations

You are a creature of crystalline ice.
You have a powerful freezing melee attack.
You are amphibious.
Your maximum health is increased.
Your armour is entirely melded.
You are incapable of wielding weapons or throwing items.
((Your plain brown scales are hard. (AC +6)))
You cannot fit into any form of body armour.
((You are cold-blooded and may be slowed by cold attacks.))


Message History

[Y]es or [N]o only, please.
The spell is extremely dangerous to miscast (52% risk of failure)!
Continue anyway?
You miscast Ice Form.
You are very lightly contaminated with residual magic.
You feel extremely cold! The adder bites you but does no damage.
Casting: Ice Form (extremely dangerous; 52% risk of failure)
Confirm with . or Enter, or press ? or * to list all spells.
The spell is extremely dangerous to miscast (52% risk of failure)!
Continue anyway? [Y]es or [N]o only, please.
The spell is extremely dangerous to miscast (52% risk of failure)!
Continue anyway?
You turn into a creature of crystalline ice.
The adder barely misses you.
You hit the adder. You freeze the adder.
The adder is moderately wounded.
The adder bites you. The adder closely misses you.
You punch the adder! You freeze the adder.
You kill the adder!
The steam dragon breathes steam at you. The ball of steam hits you!
The steam scalds you terribly!
You hear an angry growl.
You are engulfed in a cloud of scalding steam.
The steam dragon barely misses you.
The steam dragon claws you but does no damage.
The goblin is engulfed in a cloud of scalding steam.
The goblin hits you but does no damage.
There is an open door, spattered with blood here.
Unknown command.
You punch the steam dragon! You freeze the steam dragon.
The steam dragon is heavily wounded.
You are engulfed in a cloud of scalding steam.
The steam dragon barely misses you. The steam dragon claws you.
* * * LOW HITPOINT WARNING * * *
The goblin is engulfed in a cloud of scalding steam.
The goblin dies!
You barely miss the steam dragon.
The steam dragon is heavily wounded.
You are engulfed in a cloud of scalding steam.
* * * LOW HITPOINT WARNING * * *
The steam dragon bites you.
You die...

#....#########.# #.......
#.........^....######.###...
#................[..........
#................####.###.#.
#..####.....####.#<##.# #.#.
#..# ##...##.[#.#.##.###.#.
#..# ##.##...#..........[.
#..## #.#§§.##..###.###.##
#...## +#.#YD##...# #.# #.##
#....###§§§###....# #.# #.##
#......§.8........# #.# #)##
##...###...###...## #.###.##
#..## +#§#+ ##..# #.##....
#.## #.# ##.# #.##.... #.#
##.## #.# #.##.... #.#
##...## #.# #..#....
#.####.....####.# ##.#..##


You could see a steam dragon (catching breath).

Vanquished Creatures
  2 scorpions (D:4)
  A hound (D:3)
  2 bullfrog skeletons (D:4)
  An iguana (D:4)
  2 orc wizards
  A gnoll (D:1)
  3 adders
  A howler monkey skeleton (D:4)
  2 dart slugs
  11 orcs
  7 ball pythons
  5 bats
  2 endoplasms
  8 giant cockroaches
  9 goblins
  6 hobgoblins
  5 jackals
  3 quokkas
  3 frilled lizards
  3 kobolds
  6 rats
83 creatures vanquished.

Vanquished Creatures (others)
  A goblin (D:4)
1 creature vanquished.

Grand Total: 84 creatures vanquished

Notes
Turn   | Place    | Note
-------+----------+-------------------------------------------
     0 | D:1      | kae the Draconian Transmuter began the quest for the Orb.
     0 | D:1      | Reached XP level 1. HP: 16/16 MP: 3/3
   118 | D:1      | Reached XP level 2. HP: 23/23 MP: 3/5
   485 | D:1      | Reached XP level 3. HP: 26/28 MP: 4/6
   491 | D:1      | Learned a level 3 spell: Spider Form
   856 | D:2      | Identified 3 scrolls of acquirement
   856 | D:2      | Acquired 881 gold pieces
   860 | D:2      | Acquired 696 gold pieces
   862 | D:2      | Acquired 741 gold pieces
  1562 | D:2      | Reached XP level 4. HP: 34/36 MP: 5/7
  1759 | D:3      | Reached skill level 1 in Poison Magic
  1988 | D:3      | Reached XP level 5. HP: 17/41 MP: 2/8
  1997 | D:3      | Learned a level 4 spell: Ice Form
  2175 | D:3      | Found a faded altar of an unknown god.
  3369 | D:4      | Reached skill level 4 in Unarmed Combat
  3845 | D:4      | Reached skill level 1 in Ice Magic
  3854 | D:4      | Reached XP level 6. HP: 23/48 MP: 3/10
  4161 | D:4      | Found Nedulysup's Overcharged Wands.
  4397 | D:4      | Noticed a steam dragon
  4404 | D:4      | HP: 3/60 [steam dragon] (14)]
  4404 | D:4      | Slain by a steam dragon

Illustrated notes

Levels and vault maps discovered:
D:1:      ncdulo_halloftheorcs, layout_basic
D:2:      minmay_diamond_boxcup, layout_basic
D:3:      layout_basic, hellmonk_ecumenical_altar_blasted
D:4:      cheibrodos_barr_body, layout_basic, nicolae_shop_overcharged_wands

Skill      XL: |  1  2  3  4  5 |
---------------+----------------+-----
Dodging        | 2 |  2.6
Transmutations | 3 |  3.8
Poison Magic   | 1 2 |  2.0
Fighting       | 2 |  2.4
Unarmed Combat | 4 |  4.4
Ice Magic      | 1 |  1.9
Spellcasting   | |  2.9

Action                   |  1- 3 |  4- 6 || total
-------------------------+-------+-------++-------
Melee: Unarmed           |    88 |   141 ||   229
       Kick              |    15 |    10 ||    25
       Headbutt          |     6 |     7 ||    13
       Tailslap          |     5 |     8 ||    13
       Punch             |     1 |     5 ||     6
 Cast: Beastly Appendage |    19 |    13 ||    32
       Spider Form       |       |     5 ||     5
       Ice Form          |       |     1 ||     1
  Use: Scroll            |     6 |     7 ||    13
 Stab: Sleeping          |     1 |       ||     1
Armor: Skin              |    25 |    42 ||    67
Dodge: Dodged            |    59 |    94 ||   153

Table legend: (Time is in decaauts)
 A = Elapsed time spent in this place.
 B = Non-inter-level travel time spent in this place.
 C = Inter-level travel time spent in this place.
 D = Time resting spent in this place.
 E = Time spent auto-exploring this place.
 F = Levels seen in this place.
 G = Mean time per level.
                   A        B        C        D        E       F      G
               +--------+--------+--------+--------+--------+-----+--------+
         Total |   4389 |   4290 |     99 |    493 |   3195 |   4 | 1097.2 |
       Dungeon |   4389 |   4290 |     99 |    493 |   3195 |   4 | 1097.2 |
               +--------+--------+--------+--------+--------+-----+--------+

Top non-repeatable levels by time:
     D:3: 1397 daAuts
     D:4: 1253 daAuts
     D:2: 892 daAuts
     D:1: 846 daAuts
